 Dungeon Crawl Stone Soup version 0.31-a0-986-g5e6e4ef867 (webtiles) character file.

Game seed: 11632973714241508074

5177 Pooter the Cleaver (level 10, -12/91 HPs)
             Began as a Minotaur Monk on Nov 10, 2023.
             Was a Follower of Ru.
             Mangled by Beryl's ghost (16 damage)
             ... on level 8 of the Dungeon on Nov 11, 2023.
             The game lasted 00:46:46 (8541 turns).

Pooter the Cleaver (Minotaur Monk)                  Turns: 8541, Time: 00:46:46

Health: -12/91     AC: 17    Str: 20    XL:     10   Next: 34%
Magic:  9/9        EV:  6    Int:  7    God:    Ru [*.....]
Gold:   418        SH:  5    Dex: 13    Spells: 9/9 levels left

rFire   . . .        a - +3 battleaxe (elec)
rCold   . . .        (shield currently unavailable)
rNeg    . . .        I - +0 plate armour
rPois   .            (helmet restricted)
rElec   .            (no cloak)
rCorr   +            n - +1 Delatra's gloves {ID++}
SInv    .            y - +0 pair of boots {Fly}
Will    .....        A - amulet of reflection Stlth
                     C - ring of resist corrosion
HPRegen 0.35/turn    s - +4 ring of protection
MPRegen 0.11/turn

%: reflection
@: flying
A: horns 2, no earth magic, no hexes magic, no necromancy magic, retaliatory
headbutt
a: Renounce Religion


You were on level 8 of the Dungeon.
You worshipped Ru.
Ru was aware of your devotion.
You visited 1 branch of the dungeon, and saw 9 of its levels.
You also visited: Ossuary.

You collected 490 gold pieces.
You spent 72 gold pieces at shops.

Inventory:

Hand Weapons
 a - a +3 battleaxe of electrocution (weapon)
   (You acquired it on level 8 of the Dungeon)
 b - a +0 orcbow
   (You took it off a centaur on level 6 of the Dungeon)
 w - a +0 trident
   (You took it off an orc on level 3 of the Dungeon)
 F - a +0 morningstar
   (You found it on level 6 of the Dungeon)
 H - a +0 sling
   (You found it on level 2 of the Dungeon)
 L - a +0 war axe
   (You took it off an orc on level 5 of the Dungeon)
 M - a +1 scimitar of flaming
   (You took it off an efreet on level 8 of the Dungeon)
Missiles
 l - 12 poisoned darts (quivered)
 p - 6 boomerangs
 Q - 77 stones
Armour
 f - a +0 robe
 n - the +1 Delatra's gloves (worn) {ID++}
   (You found it on level 6 of the Dungeon)

   ID++:      It heals its wearer when they drink unknown potions, and restores
   their MP when they read unknown scrolls.
 y - a +0 pair of boots of flying (worn)
   (You acquired it on level 5 of the Dungeon)
 I - a +0 plate armour (worn)
   (You took it off an orc warrior on level 6 of the Dungeon)
 J - an orb of light
Jewellery
 s - a +4 ring of protection (right hand)
   (You found it on level 4 of the Dungeon)
 A - an amulet of reflection (around neck)
   (You found it on level 5 of the Dungeon)
 C - a ring of resist corrosion (left hand)
   (You found it on level 3 of the Dungeon)
 G - an amulet of guardian spirit
   (You found it on level 3 of the Dungeon)
 N - a ring of willpower
   (You found it on level 8 of the Dungeon)
Wands
 d - a wand of iceblast (3)
   (You found it on level 6 of the Dungeon)
 q - a wand of mindburst (10)
   (You found it on level 7 of the Dungeon)
Scrolls
 m - a scroll of immolation {!r}
 t - 9 scrolls of teleportation {@r4}
 u - a scroll of fog
 D - 2 scrolls of enchant weapon {unknown}
 E - a scroll of noise {unknown}
 P - a scroll of brand weapon {unknown}
Potions
 c - a potion of ambrosia
 e - 2 potions of might {unknown}
 g - a potion of berserk rage {unknown}
 h - 3 potions of degeneration {unknown}
 i - a potion of invisibility {unknown}
 j - 4 potions of mutation {!q}
 k - 4 potions of curing {@q1}
 o - a potion of magic {unknown}
 r - 3 potions of lignification {unknown}
 v - a potion of enlightenment {unknown}
 x - 4 potions of heal wounds {@q2}
 z - 4 potions of haste {unknown}
 B - 5 potions of cancellation
 K - a potion of attraction {unknown}
 O - a potion of resistance {unknown}


   Skills:
 + Level 9.1 Fighting
 * Level 12.4 Axes
 * Level 10.2 Ranged Weapons
 - Level 3.2 Dodging


You had 9 spell levels left.
You didn't know any spells.
Your spell library contained the following spells:

 Spells                   Type           Power      Damage    Failure   Level
 Magic Dart               Conj           0%         1d3       100%        1
 Call Imp                 Summ           0%         N/A       100%        2
 Ignite Poison            Fire/Tmut/Pois 0%         N/A       100%        3
 Mephitic Cloud           Conj/Pois/Air  0%         N/A       100%        3
 Iskenderun's Mystic Bla  Conj/Tloc      0%         2d3       100%        4
 Arcjolt                  Conj/Air       0%         1d10      100%        5
 Freezing Cloud           Conj/Ice/Air   0%         6-21      100%        5
 Plasma Beam              Fire/Air       0%         2x1d10    100%        6
 Cigotuvi's Dreadful Rot  Necr/Pois/Air  Unusable   N/A       N/A         2
 Tukima's Dance           Hex            Unusable   N/A       N/A         3
 Dimensional Bullseye     Hex/Tloc       Unusable   N/A       N/A         4
 Silence                  Hex/Air        Unusable   N/A       N/A         5

Dungeon Overview and Level Annotations

Branches:
Dungeon (9/15) Zot: 25501  Temple (0/1) D:6         Ossuary (visited)
   Lair: D:8-11         Orc: D:9-12

Altars:
Cheibriados
Hepliaklqana
Nemelex Xobeh
Okawaru
Qazlal
Ru
Sif Muna
Uskayaw
Vehumet
Wu Jian
Xom
Yredelemnul
The Shining One
Jiyva

Shops:
D:2 *

Annotations:
D:8 Beryl's ghost, novice MiBe


Innate Abilities, Weirdness & Mutations

You have a pair of horns on your head.
You cannot study or cast Earth magic.
You cannot study or cast Hexes magic.
You cannot study or cast Necromancy magic.
You reflexively headbutt those who attack you in melee.


Message History

You shoot an arrow. The arrow hits the jelly!
The slime creature hits you!
The slime creature hits you but does no damage.
You shoot an arrow. The arrow hits the slime creature.
You block the slime creature's attack. The jelly hits you but does no damage.
The slime creature hits you.
Beryl's ghost mumbles, "They all look like pillowcases to me..."
Beryl's ghost hits you but does no damage.
The slime creature hits you but does no damage.
You shoot an arrow. The arrow closely misses Beryl's ghost.
The slime creature hits you but does no damage.
The jelly hits you but does no damage. Beryl's ghost hits you!!
* * * LOW HITPOINT WARNING * * *
The slime creature hits you.
* * * LOW HITPOINT WARNING * * *
You block the slime creature's attack. Beryl's ghost closely misses you.
The jelly barely misses you. You furiously retaliate!
You headbutt the jelly, but do no damage.
You hear the crackle of electricity.
a - a +3 battleaxe of electrocution (weapon)
The slime creature hits you but does no damage.
You closely miss Beryl's ghost.
You headbutt Beryl's ghost, but do no damage.
You hit the slime creature. You hit the jelly.
Lightning courses through the jelly!!
You kill the jelly!
You slash the slime creature! The slime creature hits you!
* * * LOW HITPOINT WARNING * * *
Beryl's ghost is stunned by your conviction and fails to attack.
The slime creature is stunned by your conviction and fails to attack.
Beryl's ghost hits you but does no damage.
The slime creature barely misses you. You furiously retaliate!
You headbutt the slime creature! You barely miss Beryl's ghost.
Your headbutt misses Beryl's ghost. You hit the slime creature.
You slash the slime creature!
The slime creature hits you but does no damage.
Beryl's ghost hits you!
* * * LOW HITPOINT WARNING * * *
The slime creature hits you but does no damage.
You hit Beryl's ghost but do no damage. You slash the slime creature!
You slice the slime creature!!
Lightning courses through the slime creature!
You kill the slime creature!
You block the slime creature's attack. Beryl's ghost hits you!
* * * LOW HITPOINT WARNING * * *
You slash Beryl's ghost! You barely miss the slime creature. You hit the jelly.
Your hands burn!
* * * LOW HITPOINT WARNING * * *
The slime creature hits you but does no damage.
Beryl's ghost hits you!
You die...

.........................####
.....................###....##
....................## #.#...####
....................# ###.......
....................# ###.....
.#...............###########.....
.#.............#.##...##.......#.
.................#.....####...###
...###..........@J.....[ #####
....##...##.....JW....:_
....##...#.......'......
......[..........#.....#
...).#...........##...##
)[..##....#####.## ####
.#...........#### ###....#......#
#....#.#.....##


You could see a slime creature, a jelly and Beryl's ghost.

Vanquished Creatures
  A kobold demonologist (D:7)
  An efreet (D:8)
  A slime creature (D:8)
  3 wyverns
  A basilisk (D:7)
  Grum (D:8)
  A vampire mosquito (D:7)
  3 water moccasins
  A sky beast (D:8)
  6 orc warriors
  6 centaurs
  2 wolves (D:8)
  A kobold brigand (D:8)
  A water moccasin zombie (Ossuary)
  5 bullfrogs
  2 scorpions
  4 wights
  A howler monkey (D:6)
  3 hounds
  3 orc priests
  2 gnoll boudas (D:8)
  4 jellies
  4 sleepcaps
  5 iguanas
  9 orc wizards
  2 mummies (Ossuary)
  A gnoll (D:5)
  12 adders
  A shadow imp (D:5)
  A white imp (D:8)
  2 ufetubi (D:6)
  6 adder zombies (Ossuary)
  2 worms
  The ghost of Beryl the Sneak, a weakling KoDe (D:5)
  4 dart slugs
  41 orcs
  3 bats
  11 endoplasms
  6 gnoll zombies (Ossuary)
  13 goblins
  18 hobgoblins
  4 jackals (D:1)
  6 kobolds
  2 quokkas
  10 ball pythons
  2 frilled lizards (D:3)
  6 hobgoblin zombies (Ossuary)
  3 kobold zombies (Ossuary)
  4 orc zombies (Ossuary)
  7 rats
239 creatures vanquished.

Vanquished Creatures (others)
  2 bullfrogs (D:8)
  A hound (D:5)
  2 adders (D:5)
  A worm (D:5)
6 creatures vanquished.

Grand Total: 245 creatures vanquished

Notes
Turn   | Place    | Note
-------+----------+-------------------------------------------
     0 | D:1      | Pooter the Minotaur Monk began the quest for the Orb.
     0 | D:1      | Reached XP level 1. HP: 19/19 MP: 0/0
   121 | D:1      | Reached skill level 4 in Axes
   194 | D:1      | Reached XP level 2. HP: 27/27 MP: 1/1
   331 | D:1      | Found a faded altar of an unknown god.
   376 | D:1      | Got the Codex of the Atmosphere
   453 | D:1      | You fall into a shaft and drop 1 floor!
   462 | D:2      | Found a hazy altar of Hepliaklqana.
   477 | D:1      | Reached XP level 3. HP: 26/33 MP: 2/2
   763 | D:1      | Reached skill level 5 in Axes
  1234 | D:2      | Reached XP level 4. HP: 38/41 MP: 3/3
  1406 | D:2      | Found Rosheru's General Store.
  1413 | D:2      | Bought a potion of curing for 36 gold pieces
  1413 | D:2      | Bought 5 poisoned darts for 36 gold pieces
  1582 | D:3      | Reached skill level 1 in Ranged Weapons
  1881 | D:3      | Reached XP level 5. HP: 47/47 MP: 4/4
  2173 | D:4      | Reached skill level 6 in Axes
  2360 | D:4      | Reached skill level 5 in Fighting
  2708 | D:5      | Entered Level 5 of the Dungeon
  2718 | D:5      | Noticed a water moccasin
  2748 | D:5      | Reached XP level 6. HP: 36/56 MP: 3/5
  2917 | D:5      | Noticed a water moccasin
  2923 | D:5      | Killed a water moccasin
  2924 | D:5      | Reached skill level 7 in Axes
  2948 | D:5      | Found a sand-covered staircase.
  3024 | Ossuary  | Entered an ossuary
  3046 | Ossuary  | Reached XP level 7. HP: 59/62 MP: 6/6
  3334 | D:5      | Found a shimmering altar of Xom.
  3342 | D:5      | Found a radiant altar of Vehumet.
  3440 | D:5      | Found a runed translucent gate.
  3441 | D:5      | Found a runed translucent gate.
  3442 | D:5      | Found a runed translucent gate.
  3443 | D:5      | Noticed Beryl's ghost (weakling KoDe)
  3456 | D:5      | Found a hazy altar of Hepliaklqana.
  3578 | D:5      | Found a stormy altar of Qazlal.
  3582 | D:5      | Found a shimmering blue altar of Sif Muna.
  3582 | D:5      | Found a hide-covered altar of Uskayaw.
  3595 | D:5      | Found a basalt altar of Yredelemnul.
  3598 | D:5      | Found a glowing golden altar of the Shining One.
  3650 | D:5      | Found a sacrificial altar of Ru.
  3658 | D:5      | Became a worshipper of Ru the Awakened
  3698 | D:5      | Reached skill level 8 in Axes
  3698 | D:5      | Reached skill level 5 in Ranged Weapons
  3784 | D:5      | Identified a scroll of acquirement
  3785 | D:5      | Acquired a +0 pair of boots of flying
  3808 | D:5      | Found a sparkling altar of Nemelex Xobeh.
  4019 | D:5      | Killed Beryl's ghost
  4077 | D:6      | Reached XP level 8. HP: 70/70 MP: 7/7
  4395 | D:6      | Reached skill level 9 in Axes
  4594 | D:6      | Found an ornate altar of the Wu Jian Council.
  4718 | D:6      | Found the +1 Delatra's gloves {ID++}
  4928 | D:6      | Found a staircase to the Ecumenical Temple.
  5123 | D:7      | Reached skill level 10 in Axes
  5136 | D:7      | Reached XP level 9. HP: 78/79 MP: 8/8
  5154 | D:7      | Noticed a kobold demonologist
  5158 | D:7      | Killed a kobold demonologist
  5463 | D:8      | Noticed Grum
  5477 | D:8      | Killed Grum
  5797 | D:7      | Gained mutation: You cannot study or cast Earth magic. [Ru
                  | sacrifice]
  5797 | D:7      | Gained mutation: You cannot study or cast Hexes magic. [Ru
                  | sacrifice]
  5797 | D:7      | Gained mutation: You cannot study or cast Necromancy magic.
                  | [Ru sacrifice]
  5797 | D:7      | Reached * piety under Ru
  6173 | D:7      | Found an iron altar of Okawaru.
  6234 | D:7      | Reached skill level 11 in Axes
  6923 | D:8      | Found a runed translucent gate.
  6923 | D:8      | Found a runed translucent gate.
  6923 | D:8      | Found a runed translucent gate.
  6926 | D:8      | Noticed Beryl's ghost (novice MiBe)
  6929 | D:8      | Found a viscous altar of Jiyva.
  7014 | D:8      | Acquired a +3 battleaxe of electrocution
  7041 | D:8      | Noticed an efreet
  7261 | D:8      | Killed an efreet
  7262 | D:8      | Reached XP level 10. HP: 66/90 MP: 9/9
  7280 | D:8      | Reached skill level 12 in Axes
  7818 | D:8      | Reached skill level 10 in Ranged Weapons
  7898 | D:8      | Found a snail-covered altar of Cheibriados.
  8541 | D:8      | HP: 4/91 [acid (2)]
  8541 | D:8      | Mangled by Beryl's ghost

Illustrated notes

Levels and vault maps discovered:
D:1:      dpeg_arrival_round_a, layout_basic, serial_forest,
          infiniplex_forest_clump_tiny, infiniplex_forest_clump_medium,
          infiniplex_forest_side_room, infiniplex_forest_lined_4_way,
          infiniplex_forest_clump_tiny, infiniplex_forest_straight_4,
          infiniplex_forest_clump_medium, infiniplex_forest_straight_5,
          dreamdust_ecumenical_altar_grove, minmay_heptomino_o4
D:2:      layout_basic, serial_shops, shop, basic_altar, minmay_misc_feat_iff
D:3:      layout_rooms, serial_bayou_ford_a
D:4:      layout_loops_ring, minmay_statues_item
D:5:      layout_basic, general_overflow_altar, nicolae_ru_path_of_blood,
          mainiacjoe_overflow_cross_hatched, xom_confusion_cloud,
          mainiacjoe_overflow_alcove_2, minmay_overflow_temple_star_hex,
          lightli_ossuary_entry_decrepit_ruins, gammafunk_ghost_split,
          minivault_1, kennysheep_nub
D:6:      layout_basic, amcnicky_altar_gilded, temple_statues,
          pf_guarded_unrand_delatra
D:7:      nicolae_cairo_tiling_very_big, layout_rooms,
          mainiacjoe_overflow_brackets, kb_rosetta
D:8:      nzn_winding_woodlands_small [nzn_winding_woodlands_5x15_concentric,
          nzn_winding_woodlands_center_garden,
          nzn_winding_woodlands_5x15_parted], layout_cave_pools,
          mainiacjoe_overflow_24_doors, gammafunk_ghost_ooze, uniq_grum
D:9:      layout_rooms, trog_ov_bears_minmay, mainiacjoe_overflow_catwalk,
          lair_entry_dummy, erik_orc_2, st_stairs_11, uniq_amaemon

Skill      XL: |  1  2  3  4  5  6  7  8  9 10 |
---------------+-------------------------------+-----
Axes           | 4 5 6 7 8 10 11 12 | 12.4
Fighting       | 4 5 6 7 8 9 |  9.1
Ranged Weapons | 1 2 4 5 7 9 10 | 10.2
Dodging        | |  3.2

Action                     |  1- 3 |  4- 6 |  7- 9 | 10-12 || total
---------------------------+-------+-------+-------+-------++-------
  Melee: Hand axe          |    76 |    48 |       |       ||   124
         Headbutt          |    14 |    28 |    67 |    11 ||   120
         Trident           |       |    51 |       |       ||    51
         War axe           |       |    32 |   258 |     6 ||   296
         Battleaxe         |       |       |       |    40 ||    40
   Fire: Sling             |       |    37 |    22 |     3 ||    62
         Orcbow            |       |       |       |    24 ||    24
  Throw: Dart              |       |     2 |    11 |       ||    13
 Invoke: Reject Sacrifices |       |       |     1 |       ||     1
         Sacrifice Arcana  |       |       |     1 |       ||     1
  Evoke: Wand              |       |       |     7 |       ||     7
    Use: Scroll            |       |     2 |     9 |       ||    11
         Potion            |       |       |     1 |       ||     1
 Armour: Robe              |    39 |    11 |       |       ||    50
         Scale mail        |       |    11 |       |       ||    11
         Chain mail        |       |    77 |    85 |       ||   162
         Plate armour      |       |       |   131 |    60 ||   191
  Dodge: Dodged            |    43 |    68 |    89 |    13 ||   213
  Block: Orb               |       |       |    49 |     2 ||    51
         Reflection        |       |       |     3 |     2 ||     5
         Other             |       |       |       |    13 ||    13

Table legend: (Time is in decaauts)
 A = Elapsed time spent in this place.
 B = Non-inter-level travel time spent in this place.
 C = Inter-level travel time spent in this place.
 D = Time resting spent in this place.
 E = Time spent auto-exploring this place.
 F = Levels seen in this place.
 G = Mean time per level.
                   A        B        C        D        E       F      G
               +--------+--------+--------+--------+--------+-----+--------+
         Total |   8602 |   8490 |    112 |   2284 |   4307 |  10 |  860.2 |
       Dungeon |   8381 |   8269 |    112 |   2277 |   4241 |   9 |  931.2 |
       Ossuary |    221 |    221 |      0 |      7 |     66 |   1 |  221.0 |
               +--------+--------+--------+--------+--------+-----+--------+

Top non-repeatable levels by time:
     D:8: 2092 daAuts
     D:7: 1166 daAuts
     D:5: 1160 daAuts
     D:1: 1108 daAuts
     D:6: 1017 daAuts
     D:4: 641 daAuts
     D:3: 559 daAuts
     D:2: 432 daAuts
 Ossuary: 221 daAuts
     D:9: 203 daAuts
